 Dungeon Crawl Stone Soup version 0.31.0-11-ge490571c62 (webtiles) character file.

Game seed: 13420772486520333199

64 Amelense the Changeling (level 3, -4/32 HPs)
             Began as a Troll Shapeshifter on Feb 7, 2024.
             Slain by a gnoll
             ... wielding a +0 halberd
              (12 damage)
             ... on level 2 of the Dungeon.
             The game lasted 00:03:51 (1059 turns).

Amelense the Changeling (Troll Shapeshifter)        Turns: 1059, Time: 00:03:51

Health: -4/32      AC:  4    Str: 24    XL:     3   Next: 91%
Magic:  2/2        EV:  9    Int:  6    God:
Gold:   54         SH:  0    Dex:  9    Spells: 2/2 levels left

rFire   . .          .
                       - Unarmed
rCold   . . .        (no shield)
rNeg    . . .        a - +0 animal skin
rPois   .            (helmet currently unavailable)
rElec   .            (cloak currently unavailable)
rCorr   .            (gloves unavailable)
SInv    .            (boots unavailable)
Will    .....        (no amulet)
Stlth   +            (no ring)
HPRegen 1.05/turn    (no ring)
MPRegen 0.08/turn

%: no passive effects
@: beast-form
A: beast (slay +2), large, unfitting armour, claws 3, regeneration 1, shaggy fur
1, tough skin 1
a: Begin Untransformation


You were on level 2 of the Dungeon.
You were a hulking beast.
You visited 1 branch of the dungeon, and saw 2 of its levels.

You collected 54 gold pieces.

Inventory:

Armour
 a - a +0 animal skin (worn)
 f - a +0 cloak
Magical Staves
 i - a staff of air
Talismans
 c - a beast talisman
 d - a flux talisman
Scrolls
 e - 2 scrolls of identify {unknown}
 h - a scroll of teleportation {unknown}
Potions
 b - a potion of lignification
 g - a potion of brilliance {unknown}
 j - 2 potions of mutation {unknown}
 k - a potion of curing {unknown}


   Skills:
 - Level 0.7 Fighting
 - Level 1.5 Dodging
 + Level 0.2 Stealth
 + Level 3.6 Unarmed Combat
 * Level 4.1 Shapeshifting


You had 2 spell levels left.
You didn't know any spells.
Your spell library was empty.

Dungeon Overview and Level Annotations

Branches:
Dungeon (2/15)

Altars:


Innate Abilities, Weirdness & Mutations

You are a hulking beast.
Your limbs bulge with bestial killing power. (Slay +2)
You are too large for most types of armour.
You have claws for hands.
Your natural rate of healing is unusually fast.
You are covered in fur. (AC +1)
You have tough skin. (AC +1)


Message History

The gnoll closely misses you. The gnoll barely misses you.
You claw the gnoll!
You kill the gnoll!
The gnoll barely misses you.
Your Shapeshifting skill increases to level 4!
You claw the jackal!
You kill the jackal!
The gnoll barely misses you. x2
The gnoll barely misses you. x2
The jackal bites you but does no damage.
You see here a +0 spear.
You claw the gnoll!
The gnoll is severely wounded.
The jackal bites you. The gnoll closely misses you.
The gnoll barely misses you.
You completely miss the gnoll.
The gnoll is severely wounded.
The jackal bites you but does no damage.
The gnoll hits you with a +0 halberd. The gnoll closely misses you.
You claw the gnoll!
You kill the gnoll!
The jackal bites you but does no damage.
The gnoll misses you.
The jackal bites you but does no damage.
The jackal misses you.
The gnoll hits you from afar with a +0 halberd!
You scratch the jackal.
The jackal is severely wounded.
The gnoll hits you from afar with a +0 halberd!
* * * LOW HITPOINT WARNING * * *
You claw the jackal!
You kill the jackal!
The jackal bites you.
* * * LOW HITPOINT WARNING * * *
The gnoll barely misses you.
You scratch the jackal. Your claw misses the jackal.
The jackal is lightly wounded.
The jackal bites you but does no damage.
The gnoll hits you from afar with a +0 halberd!
You die...

..........> #........#
##############........#
...............$.....#.
##........# #..........
..........# #....<.....
#.........# #..hg......
..........######h###....
..........##...#h# .
...[.†....##...#.#
.......)..##...#.#
..#.#.####.......#
..#.#.##...........#
..#.............##.#
#.#........###.## .#
#.#........# #.# #
#.##.......# #..


You could see a gnoll and 2 jackals.

Vanquished Creatures
  3 gnolls (D:2)
  A dart slug (D:1)
  An endoplasm (D:1)
  5 giant cockroaches
  2 goblins (D:1)
  2 hobgoblins (D:1)
  6 jackals
  3 kobolds
  A ball python (D:1)
  2 frilled lizards (D:1)
  7 rats (D:1)
33 creatures vanquished.

Notes
Turn   | Place    | Note
-------+----------+-------------------------------------------
     0 | D:1      | Amelense the Troll Shapeshifter began the quest for the
                  | Orb.
     0 | D:1      | Reached XP level 1. HP: 18/18 MP: 0/0
   280 | D:1      | Reached XP level 2. HP: 26/26 MP: 1/1
   766 | D:1      | Reached XP level 3. HP: 32/32 MP: 2/2
  1051 | D:2      | Reached skill level 4 in Shapeshifting
  1059 | D:2      | Slain by a gnoll

Illustrated notes

Levels and vault maps discovered:
D:1:      dpeg_arrival_ratfight, layout_loops_corners, solitary_fountain,
          moated_statue, solitary_fountain, minmay_cut_off
D:2:      layout_basic, minmay_misc_feat_tower

Skill      XL: |  1  2  3 |
---------------+----------+-----
Shapeshifting  | 4 |  4.1
Fighting       | |  0.7
Dodging        | |  1.5
Stealth        | |  0.2
Unarmed Combat | |  3.6

Action                     || total
---------------------------++-------
  Melee: Unarmed           ||    80
         Punch             ||     2
 Armour: Animal skin       ||    50
  Dodge: Dodged            ||    56
